 Seeded DCSS version 0.28-a0-1429-gf3d713df7a (webtiles) character file.

Game seed: 3149488895049079488 (custom seed)

797 voltaire321 the Shield-Bearer (level 7, 0/44 HPs)
             Began as a Gargoyle Fighter on Jan 9, 2022.
             Killed from afar by an orc wizard (6 damage)
             ... with a magic dart
             ... on level 5 of the Dungeon.
             The game lasted 00:09:11 (4428 turns).

voltaire321 the Shield-Bearer (Gargoyle Fighter)    Turns: 4428, Time: 00:09:12

Health: 0/44       AC: 14    Str: 21    XL:     7   Next: 89%
Magic:  7/7        EV:  9    Int:  9    God:
Gold:   260        SH:  0    Dex:  9    Spells: 6/6 levels left

rFire   . . .      SeeInvis .   a - +0 flail (elec)
rCold   . . .      Faith    .   c - +0 buckler
rNeg    + . .      Spirit   .   b - +0 scale mail
rPois   ∞          Reflect  .   p - +0 helmet
rElec   +          Harm     .   l - +0 cloak
rCorr   .          Rampage  .   (no gloves)
Will    .....                   (no boots)
Stlth   ..........              (no amulet)
HPRegen 0.14/turn               (no ring)
MPRegen 0.10/turn               (no ring)

@: confused
A: sickness immunity, AC +4, negative energy resistance 1, electricity
resistance, torment resistance 1, petrification resistance
a: no special abilities


You were on level 5 of the Dungeon.
You visited 1 branch of the dungeon, and saw 5 of its levels.

You collected 260 gold pieces.

Inventory:

Hand Weapons
 a - a +0 flail of electrocution (weapon)
 m - a +1 whip of flaming
Missiles
 f - 2 poisoned darts (quivered)
Armour
 b - a +0 scale mail (worn)
 c - a +0 buckler (worn)
 l - a +0 cloak (worn)
 p - a +0 helmet (worn)
Jewellery
 o - an amulet of faith
Scrolls
 e - 2 scrolls of teleportation
Potions
 g - a potion of haste {unknown}
 h - a potion of mutation {unknown}
 i - 2 potions of degeneration {unknown}
 j - 2 potions of curing
 k - 2 potions of heal wounds {unknown}
 n - 3 potions of ambrosia


   Skills:
 + Level 5.4 Fighting
 + Level 4.4 Maces & Flails
 + Level 2.1 Throwing
 + Level 5.4 Armour
 + Level 5.5 Shields


You had 6 spell levels left.
You didn't know any spells.
Your spell library was empty.

Dungeon Overview and Level Annotations

Branches:
Dungeon (5/15)
 Temple: D:4-7

Altars:
Zin

Shops:
D:3 (


Innate Abilities, Weirdness & Mutations

You are immune to sickness and miasma.
Your stone body is resilient. (AC +4)
You are immune to poison.
You resist negative energy. (rN+)
You are resistant to electric shocks. (rElec)
You are resistant to unholy torment.
You are immune to petrification.


Message History

The magic dart hits you.
* * * LOW HITPOINT WARNING * * *
An orc wizard comes into view. It is wielding a +0 war axe.
You feel better.
The orc wizard shouts!
You block the orc wizard's attack.
You hit the orc wizard.
The orc wizard is almost dead.
The orc wizard hits you with a +0 dagger.
* * * LOW HITPOINT WARNING * * *
The orc wizard drinks a potion.
The orc wizard's spells are empowered!
You closely miss the orc wizard.
The orc wizard is almost dead.
The orc wizard hits you but does no damage.
You block the orc wizard's attack.
You barely miss the orc wizard.
The orc wizard is almost dead.
The orc wizard hits you with a +0 war axe.
* * * LOW HITPOINT WARNING * * *
The orc wizard barely misses you.
You miss the orc wizard.
The orc wizard is almost dead.
The orc wizard barely misses you. The orc wizard closely misses you.
You completely miss the orc wizard.
The orc wizard is almost dead.
The orc wizard hits you but does no damage.
The orc wizard mumbles some strange words.
The orc wizard flickers and vanishes!
Deactivating autopickup; reactivate with Ctrl-A.
You hit the orc wizard but do no damage.
The orc wizard is almost dead.
The orc wizard casts a spell at you.
The puff of flame hits you but does no damage.
You hear some strange, mumbled words.
You are confused.
You hit something but do no damage. The orc wizard barely misses you.
You hear some strange, mumbled words.
A magic dart appears from out of thin air!
The magic dart hits you.
You die...

### .. ..# >..
#.# #... # #.#
#.... #.###.#
....##
#...{.###...##⌠
#o@†.<...##..
#....)..##..!
#..$....#⌠..♣
#.......##..?
#........##..
#.........##⌠
#..........##
#.......(....
#............


You could see an orc wizard.

Vanquished Creatures
  Pikel (D:4)
  A water moccasin skeleton (D:4)
  An orc priest (D:3)
  Jessica (D:3)
  An iguana (D:5)
  2 orc wizards
  Robin (D:3)
  6 adders
  A white imp (D:5)
  4 worms (D:2)
  A dart slug (D:1)
  8 orcs
  7 ball pythons
  6 endoplasms
  2 giant cockroaches
  12 goblins
  8 hobgoblins
  4 jackals (D:1)
  5 kobolds
  4 quokkas
  8 bats
  5 frilled lizards
  5 rats
94 creatures vanquished.

Vanquished Creatures (others)
  An orc wizard (D:4)
1 creature vanquished.

Grand Total: 95 creatures vanquished

Notes
Turn   | Place    | Note
-------+----------+-------------------------------------------
     0 | D:1      | voltaire321 the Gargoyle Fighter began the quest for the
                  | Orb.
     0 | D:1      | Reached XP level 1. HP: 14/14 MP: 1/1
   275 | D:1      | Reached XP level 2. HP: 17/19 MP: 2/2
   637 | D:1      | Reached XP level 3. HP: 18/23 MP: 3/3
   845 | D:1      | You fall into a shaft and drop 1 floor!
  1190 | D:1      | Found a faded altar of an unknown god.
  1570 | D:2      | Reached XP level 4. HP: 29/29 MP: 4/4
  1871 | D:2      | Found a glowing silver altar of Zin.
  2389 | D:3      | Found Waeciof's Weapon Shop.
  2510 | D:3      | Noticed Jessica
  2510 | D:3      | Noticed Robin
  2655 | D:3      | Reached XP level 5. HP: 10/33 MP: 5/5
  2983 | D:3      | Killed Jessica
  3105 | D:3      | Killed Robin
  3872 | D:4      | Reached XP level 6. HP: 39/39 MP: 6/6
  4226 | D:4      | Noticed Pikel
  4241 | D:4      | Killed Pikel
  4242 | D:4      | Reached skill level 5 in Fighting
  4242 | D:4      | Reached skill level 5 in Armour
  4242 | D:4      | Reached skill level 5 in Shields
  4242 | D:4      | Reached XP level 7. HP: 37/44 MP: 7/7
  4329 | D:5      | Entered Level 5 of the Dungeon
  4428 | D:5      | Killed from afar by an orc wizard

Illustrated notes

Levels and vault maps discovered:
D:1:      minmay_arrival_doors, layout_basic,
          shapermc_ecumenical_altar_totnotflames
D:2:      layout_basic, basic_altar, nrook_mini_vaults
D:3:      layout_basic, serial_shops, shop_coins, uniq_jessica, uniq_robin
D:4:      layout_basic, uniq_pikel
D:5:      layout_basic, hellmonk_ghost_happy_afterlife

Skill      XL: |  1  2  3  4  5  6 |
---------------+-------------------+-----
Armour         | 4 5 |  5.4
Shields        | 4 5 |  5.5
Fighting       | 4 5 |  5.4
Maces & Flails | 3 4 |  4.4
Throwing       | 2 |  2.1

Action                   |  1- 3 |  4- 6 |  7- 9 || total
-------------------------+-------+-------+-------++-------
Melee: Flail             |   105 |   178 |    35 ||   318
  Use: Scroll            |       |     7 |       ||     7
       Potion            |       |       |     2 ||     2
Armor: Scale mail        |    73 |    88 |    19 ||   180
Dodge: Dodged            |    56 |    75 |    21 ||   152
Block: Buckler           |    20 |    40 |    10 ||    70

Table legend: (Time is in decaauts)
 A = Elapsed time spent in this place.
 B = Non-inter-level travel time spent in this place.
 C = Inter-level travel time spent in this place.
 D = Time resting spent in this place.
 E = Time spent auto-exploring this place.
 F = Levels seen in this place.
 G = Mean time per level.
                   A        B        C        D        E       F      G
               +--------+--------+--------+--------+--------+-----+--------+
         Total |   4521 |   4443 |     78 |    808 |   2635 |   5 |  904.2 |
       Dungeon |   4521 |   4443 |     78 |    808 |   2635 |   5 |  904.2 |
               +--------+--------+--------+--------+--------+-----+--------+

Top non-repeatable levels by time:
     D:1: 1501 daAuts
     D:3: 1451 daAuts
     D:2: 885 daAuts
     D:4: 579 daAuts
     D:5: 103 daAuts
